Match 45583874
Unlisted

Match 45583874
End
Royal Engineer Section
Selects Heavy Armor Battlegroup
Royal Engineer Section
Royal Engineer Section
Construct Section Command Post
Infantry Section
Construct Platoon Command Post
Humber Armored Car
Selects Engineer Detachments
Unlock M3 Stuart Light Tanks
Infantry Training
ML 3-inch Mortar Team
Selects Light Vehicle Withdraw and Refit
Selects UNKNOWN (202330)
Infantry Section
.shisyamin.
pisopisooo
Oncle-Hô
병장 장성호
0
0

Comments sign in to comment!

No comments posted yet!